 Dungeon Crawl Stone Soup version 0.29.1-2-gbd0b4ee654 (webtiles) character file.

Game seed: 12978903900574403804

1986 bnorton916 the Thaumaturge (level 9, -2/44 (45) HPs)
             Began as a Deep Elf Fire Elementalist on Nov 21, 2022.
             Slain by a wight
             ... wielding a +0 flail
              (12 damage)
             ... on level 7 of the Dungeon.
             The game lasted 00:09:48 (8505 turns).

bnorton916 the Thaumaturge (DEFE)                   Turns: 8505, Time: 00:09:48

HP:   -2/44 (45)    AC:  2    Str:  5    XL:     9   Next: 1%
MP:   23/23         EV: 12    Int: 25    God:
Gold: 337           SH:  0    Dex: 15    Spells: 19/25 levels left

rFire   . . .      SeeInvis .   B - +1 dagger (venom)
rCold   . . .      Faith    .   (no shield)
rNeg    + . .      Spirit   .   a - +0 robe
rPois   .          Reflect  .   (no helmet)
rElec   .          Harm     .   (no cloak)
rCorr   .          Rampage  .   (no gloves)
Will    .....                   (no boots)
Stlth   ++........              (no amulet)
HPRegen 0.14/turn               D - ring of positive energy
MPRegen 0.18/turn               (no ring)

@: about to teleport, lightly drained
A: no striking features
a: no special abilities


You were on level 7 of the Dungeon.
You visited 1 branch of the dungeon, and saw 7 of its levels.

You collected 337 gold pieces.

Inventory:

Hand Weapons
 B - a +1 dagger of venom (weapon)
Missiles
 g - 6 javelins
 n - 7 curare-tipped darts
 F - a throwing net
Armour
 a - a +0 robe (worn)
 j - a +0 buckler
 v - a +0 leather armour
Magical Staves
 r - a staff of death
Jewellery
 D - a ring of positive energy (left hand)
Wands
 u - a wand of paralysis (22)
Scrolls
 d - 2 scrolls of vulnerability {unknown}
 f - a scroll of magic mapping
 h - 3 scrolls of teleportation
 k - a scroll of noise {unknown}
 o - a scroll of identify
 s - a scroll of enchant armour {unknown}
 w - a scroll of immolation {unknown}
 y - a scroll of amnesia {unknown}
 z - 2 scrolls of blinking
 A - a scroll of poison {unknown}
 C - a scroll of silence
 E - a scroll of torment
 H - a scroll of enchant weapon {unknown}
Potions
 b - a potion of magic
 c - 3 potions of curing
 e - 2 potions of attraction {unknown}
 i - 5 potions of heal wounds {unknown}
 l - 3 potions of lignification {unknown}
 m - a potion of cancellation {unknown}
 p - 5 potions of might {unknown}
 q - a potion of berserk rage {unknown}
 t - a potion of resistance {unknown}
 x - a potion of flight {unknown}
 G - a potion of ambrosia {unknown}


   Skills:
 - Level 4.9 Ranged Weapons
 + Level 2.3 Armour
 - Level 2.4 Dodging
 - Level 2.4 Stealth
 + Level 8.5 Spellcasting
 + Level 6.6 Conjurations
 + Level 7.5 Fire Magic


You had 19 spell levels left.
You knew the following spells:

 Your Spells              Type           Power      Damage    Failure   Level
a - Foxfire               Conj/Fire      100%       2x1d9     1%          1
b - Scorch                Fire           96%        2d10      1%          2
c - Conjure Flame         Conj/Fire      46%        6-21      1%          3

Your spell library contained the following spells:

 Spells                   Type           Power      Damage    Failure   Level
 Inner Flame              Hex/Fire       29%        N/A       3%          3
 Flame Wave               Conj/Fire      46%        2d12      3%          4
 Gell's Gravitas          Tloc           10%        N/A       17%         3
 Lesser Beckoning         Tloc           10%        N/A       17%         3
 Teleport Other           Tloc           10%        N/A       17%         3


Dungeon Overview and Level Annotations

Branches:
Dungeon (7/15)             Temple (0/1) D:7

Altars:
Cheibriados
Dithmenos
Elyvilon
Hepliaklqana
Makhleb
Okawaru
Ru
Uskayaw


Message History

You conjure some foxfire!
The sky beast closely misses you.
The foxfire hits the sky beast but does no damage.
The sky beast is almost dead.
The foxfire hits the sky beast but does no damage.
The sky beast is almost dead.
The sky beast hits you. The sky beast shocks you.
Casting: Foxfire (safe; 1% risk of failure)
Confirm with . or Enter, or press ? or * to list all spells.
Flames lash the sky beast.
You kill the sky beast!
You have reached level 9!
Your experience leads to an increase in your attributes!
Increase (S)trength, (I)ntelligence, or (D)exterity?
You feel clever. x2
Found an amethyst potion.
Found a scroll labelled ETZOURHOOZI.
G - an amethyst potion
H - a scroll labelled ETZOURHOOZI
Found a hide-covered altar of Uskayaw.
Found a pair of boots.
Found a stone staircase leading down.
Found a blue potion.
You hear the hiss of an avalanche of sand very nearby.
A wight comes into view. It is wielding a +0 flail.
Found a staircase to the Ecumenical Temple.
An acid dragon, a steam dragon and a black bear come into view.
The steam dragon hisses angrily.
The acid dragon moves out of view. 3 wights come into view.
A wight is wielding a +5 scimitar of freezing.
The acid dragon roars!
You hear a shout!
The wight hits you with a +0 flail. You partially resist.
You feel drained.
A worm zombie comes into view.
The wight attacks as you move away! The wight hits you with a +0 flail!
The wight attacks as you move away! The wight hits you with a +0 flail!
The wight attacks as you move away! The wight hits you with a +0 flail.
* * * LOW HITPOINT WARNING * * *
As you read the scroll of teleportation, it crumbles to dust.
You feel strangely unstable. The wight hits you with a +0 flail!
You die...

*,,,,,,∩,,*,,,*****,#...##.#.#.#.
*,,....Z..+,,,,,,,+,+[_.#...#((#.
**,.......***,*****,*...##(#(#(#.
*,.......* *,*****,**#..##(((##.
**,......z* *,,,,**...#########..
,,,......z* ****,,*#.............
,,,.......* **,,*######..#####
,,,..z...D########+####....##
,,,.......z.hzDz@.......####
,,,.##.................##********
,,,,#..#.....#....!.>........,,,,
**,#..*#.....##.......#######****
*,.,*#..#.#..##....##..,,,,,,,,,
**,*#..##.##..##...#*....,,*****
*,...#*...*#......#*.....,***,,
*,...,..>.,,......#*.....,,,,,,
**,,,,**,,,**......#*.....,,**,*


You could see a steam dragon, a black bear, an acid dragon and 3 wights.

Vanquished Creatures
  A hornet (D:7)
  A water moccasin (D:3)
  A sky beast (D:7)
  A black bear (D:6)
  2 ice beasts
  An ogre (D:6)
  2 centaurs (D:6)
  A kobold brigand (D:5)
  3 scorpions
  A necrophage (D:4)
  2 howler monkeys
  3 hounds
  2 orc priests
  A jelly (D:6)
  4 iguanas
  7 orc wizards
  10 adders
  2 ufetubi
  4 worms
  26 orcs
  7 endoplasms
  4 giant cockroaches
  8 goblins
  5 hobgoblins
  10 jackals
  5 kobolds
  2 quokkas
  7 ball pythons
  6 bats
  A frilled lizard (D:3)
  6 rats
136 creatures vanquished.

Vanquished Creatures (collateral kills)
  A foxfire (D:1)
1 creature vanquished.

Vanquished Creatures (others)
  588 foxfires
  A fungus (D:1)
589 creatures vanquished.

Grand Total: 726 creatures vanquished

Notes
Turn   | Place    | Note
-------+----------+-------------------------------------------
     0 | D:1      | bnorton916 the Deep Elf Fire Elementalist began the quest
                  | for the Orb.
     0 | D:1      | Reached XP level 1. HP: 10/10 MP: 6/6
   260 | D:1      | Reached XP level 2. HP: 15/15 MP: 4/8
   299 | D:1      | Found a faded altar of an unknown god.
  1361 | D:2      | Reached XP level 3. HP: 16/19 MP: 7/10
  1514 | D:2      | Learned a level 2 spell: Scorch
  1518 | D:2      | Learned a level 3 spell: Conjure Flame
  1654 | D:2      | Reached skill level 4 in Spellcasting
  2072 | D:2      | Reached XP level 4. HP: 24/24 MP: 4/12
  2504 | D:3      | Found a shadowy altar of Dithmenos.
  2586 | D:3      | Found an iron altar of Okawaru.
  3280 | D:3      | Noticed a water moccasin
  3292 | D:3      | Reached XP level 5. HP: 18/28 MP: 4/14
  3292 | D:3      | Killed a water moccasin
  3293 | D:3      | Reached skill level 5 in Spellcasting
  3293 | D:3      | Reached skill level 5 in Fire Magic
  3569 | D:3      | Found a hazy altar of Hepliaklqana.
  3570 | D:3      | Found a faded altar of an unknown god.
  3570 | D:3      | Found a faded altar of an unknown god.
  3572 | D:3      | Found a faded altar of an unknown god.
  4280 | D:3      | Reached XP level 6. HP: 32/32 MP: 11/16
  4444 | D:4      | Reached skill level 1 in Ranged Weapons
  4669 | D:4      | Found a white marble altar of Elyvilon.
  5121 | D:4      | Reached skill level 6 in Spellcasting
  5161 | D:4      | Noticed an ice beast
  5169 | D:4      | Killed an ice beast
  5170 | D:4      | Reached XP level 7. HP: 36/36 MP: 14/18
  5335 | D:4      | Found a burning altar of Makhleb.
  5335 | D:4      | Found a snail-covered altar of Cheibriados.
  5725 | D:5      | Entered Level 5 of the Dungeon
  6005 | D:5      | Reached skill level 5 in Conjurations
  6801 | D:5      | Reached skill level 7 in Spellcasting
  6854 | D:5      | Reached XP level 8. HP: 37/41 MP: 17/20
  7469 | D:6      | Found a sacrificial altar of Ru.
  7478 | D:6      | Reached skill level 1 in Armour
  7863 | D:6      | Reached skill level 8 in Spellcasting
  8368 | D:7      | Noticed a hornet
  8382 | D:7      | Killed a hornet
  8462 | D:7      | Reached XP level 9. HP: 32/45 MP: 17/23
  8465 | D:7      | Noticed a +0 dagger
  8465 | D:7      | Noticed a +0 dagger
  8465 | D:7      | Noticed a +0 short sword
  8466 | D:7      | Noticed a +0 falchion
  8467 | D:7      | Noticed a +0 falchion
  8468 | D:7      | Noticed a +0 short sword
  8470 | D:7      | Noticed a +0 spear
  8475 | D:7      | Noticed a +0 spear
  8479 | D:7      | Found a hide-covered altar of Uskayaw.
  8496 | D:7      | Found a staircase to the Ecumenical Temple.
  8505 | D:7      | Slain by a wight

Illustrated notes

Levels and vault maps discovered:
D:1:      dpeg_arrival_brainrot, layout_basic, dreamdust_ecumenical_altar_grove
D:2:      layout_basic, serial_co_window_serial, co_window_paths_a,
          co_window_paths_b, co_window_of_opportunity_a, co_window_paths_a,
          co_window_paths_a, co_window_of_opportunity_b,
          co_window_unsneaky_path_e, co_window_unsneaky_path_a, co_window_sun,
          glass_columns_c, dk_vineyard_3
D:3:      layout_basic, mainiacjoe_overflow_brackets,
          nicolae_hepliaklqana_ecumenical_no_more,
          nicolae_dithmenos_shadow_blocks, minmay_box_of_dots
D:4:      layout_basic, old_standard_altar, gammafunk_temple_overflow_statue
D:5:      layout_basic, minmay_between
D:6:      layout_loops_cross, old_standard_altar
D:7:      layout_basic, nicolae_uskayaw_en_pointe, minmay_temple_entry_waves,
          enter_ossuary_3, patterned_corridor

Skill      XL: |  1  2  3  4  5  6  7  8 |
---------------+-------------------------+-----
Conjurations   | 2 3 4 5 6 |  6.6
Fire Magic     | 4 5 6 7 |  7.5
Spellcasting   | 4 5 6 7 8 |  8.5
Ranged Weapons | 2 4 |  4.9
Armour         | 2 |  2.3
Dodging        | |  2.4
Stealth        | |  2.4

Action                   |  1- 3 |  4- 6 |  7- 9 || total
-------------------------+-------+-------+-------++-------
Melee: Unarmed           |     1 |       |       ||     1
       Dagger            |       |     3 |       ||     3
 Cast: Foxfire           |   106 |   122 |   116 ||   344
       Conjure Flame     |     1 |     1 |     1 ||     3
       Scorch            |       |    12 |    26 ||    38
  Use: Potion            |       |     1 |       ||     1
       Scroll            |       |       |     7 ||     7
Armor: Robe              |     1 |     8 |    10 ||    19
Dodge: Dodged            |     6 |    15 |    26 ||    47
